AoeStats
← BirdmanTim

Lombardia

509728349Analyzed
2v2 RM · 5d ago on Sep 27, 2026· 18m 44s· 4 players
Game mode
Random Map
Map size
Medium (4 player)
Population
200
Speed
Normal
Resources
Standard
Victory
Conquest
Starting age
Dark Age
Ending age
Imperial Age
RankedLock teamsTeams togetherTeam positionsShared explorationLock speedFull tech treeHidden civsTurbo modeCheats
Victory
Defeat
🇺🇸 Portuguese · United States
558
+19
🇺🇸 Romans · United States
557
+19
🇺🇸 Varangians · United States
627
-19
🇺🇸 Franks · United States
615
-19
BirdmanTim
8:05 Loom
10:38 Feudal Age
10:56 Man-at-Arms
12:25 Scale Mail Armor
C_Rich_Icebourg
14:13 Feudal Age
17:11 Double-Bit Axe
18:03 Horse Collar
17:58 Man-at-Arms
19:44 Wheelbarrow
EL Loodo
Kenshin Brown
9:44 Feudal Age
10:27 Double-Bit Axe
16:11 Castle Age
18:37 Horse Collar
Connection lost

Rejoining the realm…

Still unreachable

The connection could not be restored.

Session expired

The server has moved on; the page needs a fresh start.